 Dungeon Crawl Stone Soup version 0.31.0-9-g3a7656b989 (webtiles) character file.

Game seed: 10513933793469197603

7596 Marvel the Cleaver (level 10, -3/136 HPs)
             Began as a Minotaur Berserker on Feb 6, 2024.
             Was an Elder of Trog.
             Slain by a two-headed ogre
             ... wielding a +0 giant club
              (14 damage)
             ... on level 10 of the Dungeon.
             The game lasted 00:12:06 (9737 turns).

Marvel the Cleaver (Minotaur Berserker)             Turns: 9737, Time: 00:12:06

Health: -3/136     AC: 15    Str: 25    XL:     10   Next: 97%
Magic:  9/9        EV: 11    Int:  4    God:    Trog [****..]
Gold:   551        SH:  0    Dex: 16    Spells: 9/9 levels left

rFire   + . .        G - +0 war axe
rCold   . . .        (no shield)
rNeg    + . .        P - +2 scale mail {rF+}
rPois   +            (helmet restricted)
rElec   .            t - +0 cloak
rCorr   +            S - +0 pair of gloves
SInv    .            Q - +0 pair of boots of Giefoud {rPois Dex+5}
Will    .....        (no amulet) Stlth
                     k - ring of positive energy
HPRegen 0.42/turn    o - ring of resist corrosion
MPRegen 0.11/turn

%: no passive effects
@: berserking (expiring), very quick
A: horns 2, retaliatory headbutt
a: Renounce Religion, Berserk, Trog's Hand, Brothers in Arms


You were on level 10 of the Dungeon.
You worshipped Trog.
Trog was greatly pleased with you.
You visited 1 branch of the dungeon, and saw 10 of its levels.

You collected 551 gold pieces.

Inventory:

Hand Weapons
 a - a +0 hand axe
 c - a +1 dagger of venom
 G - a +0 war axe (weapon)
Missiles
 u - 5 poisoned darts (quivered)
 E - 8 curare-tipped darts
 T - a throwing net
Armour
 b - a +0 animal skin
 t - a +0 cloak (worn)
 z - a +0 scale mail
 B - a +0 pair of boots
 P - a +2 scale mail of fire resistance (worn)
 Q - the +0 pair of boots of Giefoud (worn) {rPois Dex+5}
   (You found it on level 8 of the Dungeon)

   Dex+5:     It affects your dexterity (+5).
   rPois:     It protects you from poison
 S - a +0 pair of gloves (worn)
Jewellery
 k - a ring of positive energy (left hand)
 l - a ring of magical power
 m - an amulet of magic regeneration
 o - a ring of resist corrosion (right hand)
 K - a +6 ring of intelligence
Talismans
 A - a blade talisman
 F - a maw talisman
Wands
 j - a wand of roots (2)
 H - a wand of charming (12)
 I - a wand of flame (49)
 M - a wand of polymorph (6)
Scrolls
 d - 4 scrolls of identify {unknown}
 e - 2 scrolls of noise {unknown}
 f - 3 scrolls of immolation {unknown}
 g - 2 scrolls of blinking {unknown}
 n - a scroll of teleportation {unknown}
 s - 4 scrolls of brand weapon {unknown}
 x - a scroll of vulnerability {unknown}
 y - 3 scrolls of enchant weapon {unknown}
 L - 2 scrolls of poison {unknown}
 N - a scroll of butterflies {unknown}
Potions
 h - 3 potions of curing {unknown}
 i - a potion of attraction {unknown}
 p - 2 potions of enlightenment {unknown}
 q - 2 potions of haste {unknown}
 r - 3 potions of heal wounds {unknown}
 v - a potion of brilliance {unknown}
 w - a potion of cancellation {unknown}
 C - 2 potions of degeneration {unknown}
 D - a potion of ambrosia {unknown}
 J - a potion of lignification {unknown}
 O - 2 potions of berserk rage {unknown}
 R - a potion of might {unknown}


   Skills:
 + Level 9.5 Fighting
 + Level 14.3 Axes
 + Level 3.6 Throwing
 + Level 10.3 Armour
 - Level 2.1 Dodging
 + Level 2.4 Stealth


You had 9 spell levels left.
You didn't know any spells.
Your spell library was empty.

Dungeon Overview and Level Annotations

Branches:
Dungeon (10/15)            Temple (0/1) D:5            Lair (0/5) D:8
    Orc: D:9-12

Altars:
Cheibriados
Fedhas
Gozag
Qazlal
Ru
Trog
Vehumet
Yredelemnul

Shops:
D:3 (


Innate Abilities, Weirdness & Mutations

You have a pair of horns on your head.
You reflexively headbutt those who attack you in melee.


Message History

You hit the tengu warrior.
The tengu warrior is lightly wounded.
The tengu warrior hits you with a +2 battleaxe of flaming!
The tengu warrior pecks you but does no damage.
The tengu warrior barely misses you.
You slice the tengu warrior!! You headbutt the tengu warrior!
The tengu warrior is severely wounded.
You hit the two-headed ogre.
You hit the tengu warrior but do no damage.
The tengu warrior is severely wounded.
You slash the two-headed ogre!
The tengu warrior hits you with a +2 battleaxe of flaming!
The tengu warrior burns you.
The tengu warrior pecks you but does no damage.
The tengu warrior claws you. The two-headed ogre misses you.
You furiously retaliate!
You headbutt the two-headed ogre!
The two-headed ogre hits you with a +0 giant spiked club!
You slash the tengu warrior!
The tengu warrior is almost dead.
You barely miss the two-headed ogre. You miss the tengu warrior.
Your headbutt misses the tengu warrior.
The tengu warrior is almost dead.
You slash the two-headed ogre!
The tengu warrior hits you with a +2 battleaxe of flaming!!
* * * LOW HITPOINT WARNING * * *
The tengu warrior burns you.
* * * LOW HITPOINT WARNING * * *
The tengu warrior pecks you but does no damage.
The tengu warrior closely misses you.
You barely miss the tengu warrior. Your headbutt misses the tengu warrior.
The tengu warrior is almost dead.
You barely miss the two-headed ogre. You slice the tengu warrior!!
You kill the tengu warrior!
Trog accepts your kill.
You barely miss the two-headed ogre.
The two-headed ogre hits you with a +0 giant club!
* * * LOW HITPOINT WARNING * * *
The two-headed ogre hits you with a +0 giant spiked club!
You die...

######## #......#
#.####.# #.# #.# ######.
#.# #.# ....... #####.#
#.# ....... ......####.#
.......
####.......######.......
.............$.)@O......
.......################.
.......# .......####
.....#....# .##..#..#.#
#.......#.####
..#.....#....#
........#....#


You could see a two-headed ogre.

Vanquished Creatures
  2 two-headed ogres
  A tengu warrior (D:10)
  The ghost of paps the Mimic, a novice TrSh of Qazlal (D:9)
  Psyche (D:8)
  A komodo dragon (D:8)
  2 trolls (D:10)
  A hornet (D:7)
  3 wyverns
  A wraith (D:10)
  A steam dragon (D:8)
  5 yaks (D:8)
  An acid dragon (D:10)
  Duvessa (D:7)
  2 water moccasins
  The ghost of Gandelf the Shooter, an amateur SpCj (D:3)
  2 orc warriors
  2 black bears
  2 sky beasts (D:7)
  An ogre (D:6)
  4 centaurs
  A phantom (D:6)
  2 bullfrogs
  3 gnoll sergeants
  A scorpion (D:6)
  Dowan (D:7)
  3 wights
  4 killer bees
  An electric eel (D:10)
  2 howler monkeys
  3 hounds
  2 jellies (D:5)
  2 bombardier beetles
  4 orc priests
  A gnoll bouda (D:9)
  2 iguanas
  7 orc wizards
  A hound zombie (D:3)
  20 gnolls
  5 adders
  A shadow imp (D:8)
  3 white imps
  6 ufetubi
  5 dart slugs
  2 ribbon worms
  31 orcs
  8 ball pythons
  7 endoplasms
  3 giant cockroaches
  2 hobgoblins (D:1)
  A ball python zombie (D:3)
  14 bats
  3 frilled lizards (D:1)
  4 goblins
  7 kobolds
  5 rats
202 creatures vanquished.

Vanquished Creatures (others)
  An orc (D:8)
1 creature vanquished.

Grand Total: 203 creatures vanquished

Notes
Turn   | Place    | Note
-------+----------+-------------------------------------------
     0 | D:1      | Marvel the Minotaur Berserker began the quest for the Orb.
     0 | D:1      | Reached XP level 1. HP: 19/19 MP: 0/0
   184 | D:1      | Reached skill level 4 in Axes
   240 | D:1      | Reached XP level 2. HP: 27/27 MP: 1/1
   693 | D:1      | Reached XP level 3. HP: 27/33 MP: 2/2
  1190 | D:2      | Reached ** piety under Trog
  1191 | D:2      | Reached skill level 5 in Axes
  1805 | D:2      | HP: 1/34 [orc priest/+0 trident (8)]
  1808 | D:2      | Reached XP level 4. HP: 1/41 MP: 3/3
  2290 | D:3      | Found a snail-covered altar of Cheibriados.
  2407 | D:3      | Found Amnivooc's Antique Weapon Shop.
  2467 | D:3      | Found a runed translucent gate.
  2467 | D:3      | Found a runed translucent gate.
  2467 | D:3      | Found a runed translucent gate.
  2467 | D:3      | Noticed Gandelf's ghost (amateur SpCj)
  2469 | D:3      | Found a basalt altar of Yredelemnul.
  2495 | D:3      | Killed Gandelf's ghost
  2496 | D:3      | Reached skill level 5 in Fighting
  2496 | D:3      | Reached skill level 6 in Axes
  2496 | D:3      | Reached XP level 5. HP: 36/48 MP: 4/4
  3321 | D:4      | Noticed a black bear
  3333 | D:4      | Killed a black bear
  3334 | D:4      | Reached skill level 7 in Axes
  3334 | D:4      | Reached skill level 1 in Stealth
  3334 | D:4      | Reached XP level 6. HP: 39/56 MP: 5/5
  3575 | D:5      | Entered Level 5 of the Dungeon
  3605 | D:5      | Found an opulent altar of Gozag.
  3738 | D:5      | Found a blossoming altar of Fedhas.
  3948 | D:5      | Found a sacrificial altar of Ru.
  3986 | D:5      | Noticed a wyvern
  3994 | D:5      | Killed a wyvern
  3995 | D:5      | Reached skill level 8 in Axes
  3995 | D:5      | Reached XP level 7. HP: 49/62 MP: 6/6
  4125 | D:5      | Found a staircase to the Ecumenical Temple.
  4460 | D:6      | Found a radiant altar of Vehumet.
  4487 | D:6      | Found a stormy altar of Qazlal.
  4699 | D:6      | Reached skill level 9 in Axes
  4817 | D:6      | Reached *** piety under Trog
  4973 | D:6      | Identified the +9 dagger of Disarray {antimagic, Fly Str-3
                  | Int+3}
  5000 | D:6      | Reached skill level 5 in Armour
  5000 | D:6      | Reached XP level 8. HP: 41/71 MP: 7/7
  5628 | D:7      | Noticed a hornet
  5635 | D:7      | Paralysed by a hornet for 1 turns
  5637 | D:7      | Killed a hornet
  5879 | D:7      | Found a bloodstained altar of Trog.
  6011 | D:7      | Reached skill level 10 in Axes
  6020 | D:7      | Noticed Duvessa
  6020 | D:7      | Noticed Dowan
  6026 | D:7      | Killed Duvessa
  6030 | D:7      | Killed Dowan
  6224 | D:7      | Reached XP level 9. HP: 27/80 MP: 8/8
  6911 | D:7      | Reached skill level 1 in Throwing
  7073 | D:8      | Noticed Psyche
  7073 | D:8      | Found the +16 obsidian axe {drain, demonic, Mesm ^Drain Fly
                  | SInv}
  7080 | D:8      | Reached skill level 11 in Axes
  7376 | D:8      | Killed Psyche
  7377 | D:8      | Reached skill level 12 in Axes
  7568 | D:8      | Identified the +0 pair of boots of Giefoud {rPois Dex+5}
  7668 | D:8      | Reached XP level 10. HP: 77/90 MP: 9/9
  7673 | D:8      | Reached **** piety under Trog
  7889 | D:8      | Found a staircase to the Lair.
  8398 | D:9      | Noticed a two-headed ogre
  8410 | D:9      | Killed a two-headed ogre
  8411 | D:9      | Reached skill level 13 in Axes
  8539 | D:9      | Found a runed translucent door.
  8549 | D:9      | Noticed paps's ghost (novice TrSh)
  8559 | D:9      | Killed paps's ghost
  8934 | D:9      | Noticed a four-headed hydra
  8939 | D:10     | Entered Level 10 of the Dungeon
  9061 | D:10     | Reached skill level 14 in Axes
  9168 | D:10     | Reached skill level 10 in Armour
  9493 | D:10     | Noticed a two-headed ogre
  9503 | D:10     | Killed a two-headed ogre
  9725 | D:10     | Noticed a tengu warrior
  9727 | D:10     | Noticed a two-headed ogre
  9737 | D:10     | Killed a tengu warrior
  9737 | D:10     | Slain by a two-headed ogre

Illustrated notes

Levels and vault maps discovered:
D:1:      saegor_arrival_under_anarchy, layout_loops_corners, nicolae_the_louvre
D:2:      layout_loops_corners, nicolae_underground_beach
D:3:      layout_basic, nicolae_yredelemnul_ghost_church, cheibriados_altar_1,
          serial_shops, shop, minmay_quantized
D:4:      layout_rooms
D:5:      layout_rooms, mainiacjoe_overflow_catwalk, amcnicky_altar_gilded,
          mainiacjoe_overflow_boulevard, minmay_temple_entry_glass,
          minmay_crystal_room
D:6:      layout_basic, mainiacjoe_overflow_catwalk_spiral, st_stairs_5
D:7:      layout_loops_corners, general_overflow_altar, uniq_duvessa
D:8:      layout_rooms, david_lair_shrubbed, dreamdust_deal_with_the_devil,
          moated_statue, roderic_batcave, nicolae_nh_ransacked_shop, uniq_psyche
D:9:      layout_loops_cross, ebering_ghost_reflecting_pool
D:10:     layout_basic, led_sif_book

Skill      XL: |  1  2  3  4  5  6  7  8  9 10 |
---------------+-------------------------------+-----
Axes           | 4 5 6 7 8 9 10 12 14 | 14.3
Fighting       | 4 5 6 7 8 9 |  9.5
Armour         | 3 5 6 8 10 | 10.3
Stealth        | 1 2 |  2.4
Throwing       | 2 3 |  3.6
Dodging        | |  2.1

Action                     |  1- 3 |  4- 6 |  7- 9 | 10-12 || total
---------------------------+-------+-------+-------+-------++-------
  Melee: Hand axe          |    81 |   104 |    18 |       ||   203
         Headbutt          |    11 |    11 |    38 |    31 ||    91
         Punch             |     1 |     4 |     1 |     3 ||     9
         War axe           |       |       |   194 |   140 ||   334
  Throw: Dart              |       |       |     8 |    19 ||    27
 Invoke: Berserk           |     1 |     2 |     4 |     3 ||    10
   Stab: Sleeping          |       |     1 |       |       ||     1
 Armour: Animal skin       |    36 |    39 |       |       ||    75
         Scale mail        |       |    41 |   187 |   141 ||   369
  Dodge: Dodged            |    62 |    76 |    83 |    82 ||   303
